Map: Lightshade LE

Players

Has - Winner!

  • Race: Protoss Protoss
  • Spawn Location: 5:00

GogojOey

  • Race: Zerg Zerg
  • Spawn Location: 11:00

Event: DreamHack SC2 Masters 2020 Winter

VOD

Have the link to the VOD?

Description

Time

  • Played on: Oct. 21, 2020, 10:14 a.m.
  • Length: 8:35

All games in this series

Show
View Real Time Build Order
Export as new Build Order

Has Protoss - Winner!

Build Orders: Oracle Opening 

Get SALT Encoding   

  12  0:00  Probe  
  13  0:12  Probe  
  14  0:19  Pylon  
  14  0:24  Probe (Chrono Boost)  
  15  0:39  Probe (Chrono Boost)  
  15  0:41  Gateway  
  16  0:45  Probe (Chrono Boost)  
  16  0:47  Assimilator  
  17  0:54  Probe  
  18  1:06  Probe  
  18  1:09  Forge  
  19  1:18  Unknown, Probe  
  20  1:19  Unknown  
  20  1:25  Unknown  
  20  1:36  Pylon  
  20  1:37  Pylon  
  20  1:38  Cybernetics Core  
  20  1:42  Pylon  
  20  1:44  Pylon  
  20  1:55  Photon Cannon  
  20  1:58  Photon Cannon  
  20  2:02  Probe  
  21  2:11  Assimilator  
  21  2:17  Photon Cannon  
  21  2:18  Adept (Chrono Boost)  
  21  2:19  Shield Battery  
  23  2:29  Stargate  
  22  2:32  Probe  
  23  2:40  Adept (Chrono Boost)  
  25  2:45  Warp Gate  
  25  2:47  Probe  
  26  2:59  Probe  
  27  3:11  Probe  
  28  3:13  Pylon  
  28  3:21  Pylon  
  28  3:28  Oracle (Chrono Boost)  
  29  3:46  Nexus  
  29  3:47  Probe  
  32  4:05  Pylon  
  32  4:06  Void Ray (Chrono Boost)  
  32  4:14  Probe  
  33  4:26  Probe  
  34  4:34  Adept  
  34  4:38  Probe  
  37  4:46  Void Ray  
  37  4:50  Probe  
  42  4:58  Stargate  
  42  5:00  Probe (Chrono Boost)  
  44  5:07  Probe (Chrono Boost)  
  44  5:11  Probe (Chrono Boost)  
  45  5:16  Probe x2 (Chrono Boost)  
  47  5:23  Void Ray  
  47  5:27  Probe (Chrono Boost)  
  49  5:32  Probe (Chrono Boost)  
  49  5:35  Adept, Probe (Chrono Boost)  
  53  5:37  Pylon  
  53  5:39  Probe (Chrono Boost)  
  53  5:41  Probe  
  55  5:49  Pylon  
  55  5:50  Probe  
  55  5:56  Probe  
  57  5:57  Adept  
  57  5:59  Void Ray  
  57  6:02  Probe  
  57  6:03  Assimilator  
  60  6:06  Assimilator  
  60  6:08  Probe  
  65  6:15  Probe  
  66  6:20  Probe  
  67  6:27  Probe  
  67  6:31  Void Ray (Chrono Boost)  
  67  6:35  Nexus  
  67  6:38  Pylon  
  70  6:40  Gateway x2  
  70  6:41  Void Ray (Chrono Boost)  
  70  6:45  Gateway, Probe x2  
  74  6:56  Photon Cannon  
  74  6:59  Probe  
  74  7:00  Probe  
  76  7:06  Adept  
  78  7:09  Void Ray  
  78  7:12  Probe x2  
  84  7:24  Probe x2  
  86  7:41  Assimilator, Void Ray  
  86  7:45  Assimilator  
  86  7:47  Probe x2  
  86  7:48  Pylon  
  86  7:49  Probe  
  86  7:50  Pylon  
  93  7:51  Pylon  
  93  7:59  Probe  
Show
View Real Time Build Order
Export as new Build Order

GogojOey Zerg 

Build Orders: Hatch First 

Get SALT Encoding   

  12  0:00  Drone  
  13  0:12  Overlord  
  13  0:17  Drone  
  14  0:32  Drone x2  
  16  0:49  Hatchery  
  15  0:51  Drone  
  15  0:55  Drone  
  17  0:58  Drone  
  18  1:09  Extractor  
  17  1:14  Spawning Pool  
  17  1:16  Drone  
  17  1:20  Drone  
  18  1:29  Drone  
  20  1:40  Drone  
  20  2:01  Queen  
  20  2:02  Zergling x4, Spine Crawler  
  20  2:03  Spine Crawler  
  20  2:04  Spine Crawler  
  20  2:07  Zergling x2  
  22  2:11  Zergling x2  
  22  2:14  Zergling x2  
  24  2:26  Zergling x4  
  24  2:29  Metabolic Boost  
  26  2:35  Zergling x4  
  23  2:45  Zergling x4  
  20  3:15  Drone x4  
  23  3:21  Drone x2  
  24  3:28  Zergling x4  
  24  3:38  Spore Crawler  
  22  3:41  Spore Crawler  
  22  3:43  Drone  
  21  3:56  Spore Crawler  
  21  4:02  Drone x2  
  21  4:05  Drone  
  21  4:08  Drone  
  23  4:12  Drone  
  24  4:17  Drone  
  24  4:18  Drone  
  23  4:27  Drone  
  23  4:32  Drone  
  23  4:35  Drone  
  25  4:45  Drone  
  26  4:50  Queen  
  28  4:54  Overlord  
  28  4:59  Overlord  
  27  5:12  Drone  
  27  5:13  Drone  
  28  5:15  Overlord  
  28  5:21  Drone x2, Extractor  
  29  5:26  Drone x3  
  32  5:30  Drone x2  
  32  5:36  Drone  
  32  5:37  Drone  
  32  5:40  Drone  
  35  5:47  Queen  
  37  5:55  Drone x2  
  38  5:57  Queen  
  38  5:59  Drone  
  38  6:01  Drone  
  43  6:04  Zergling x2  
  43  6:07  Drone  
  43  6:09  Overlord  
  44  6:18  Zergling x4  
  44  6:24  Drone  
  43  6:32  Drone x4  
  46  6:42  Queen  
  48  6:48  Queen  
  49  6:57  Drone  
  49  6:58  Spore Crawler  
  49  7:01  Hatchery  
  49  7:05  Evolution Chamber  
  47  7:15  Overlord x2  
  47  7:17  Drone  
  47  7:18  Spore Crawler  
  47  7:23  Zergling x10  
  51  7:39  Queen x2  
  51  7:41  Zergling x4  
  51  7:43  Hatchery  
Tags
 
Add a new tag
Caveats
  • Supply blocks, unpowered buildings, or Contaminate may cause inaccurate times.
  • Supply counts are checked every 10 seconds.